 Dungeon Crawl Stone Soup version 0.20.1-1-g8b1a95d (webtiles) character file.

2083 Gnungangingling the Cleaver (level 9, -9/80 HPs)
             Began as a Deep Dwarf Fighter on Sept 8, 2017.
             Was an Initiate of Gozag.
             Mangled by a two-headed ogre
             ... wielding a +0 giant club
              (11 damage)
             ... on level 8 of the Dungeon.
             The game lasted 00:33:42 (4715 turns).

Gnungangingling the Cleaver (Deep Dwarf Fighter)    Turns: 4715, Time: 00:33:44

Health: -9/80      AC: 16    Str: 28    XL:     9   Next: 6%
Magic:  8/8        EV:  6    Int:  9    God:    Gozag
Gold:   535        SH: 16    Dex: 12    Spells: 8/8 levels left

rFire    x . .     SeeInvis .   a - +2 war axe
rCold    + . .     Gourm    .   c - +0 shield
rNeg     . . .     Faith    .   k - +1 plate armour
rPois    .         Spirit   .   (no helmet)
rElec    +         Reflect  +   (no cloak)
rCorr    .         Harm     .   (no gloves)
MR       ++...                  (no boots)
Stlth    ..........             e - +5 amulet of reflection
Regen    0.0/turn               b - +3 ring of protection
MPRegen  0.2/turn               B - ring of ice

@: mighty, non-regenerating
A: damage resistance, heal wounds, magic resistance 1, sense surroundings 2,
electricity resistance, no regeneration
a: Heal Wounds, Potion Petition, Call Merchant, Bribe Branch, Renounce Religion


You were on level 8 of the Dungeon.
You worshipped Gozag.
Gozag was pleased with you.
You were not hungry.

You visited 1 branch of the dungeon, and saw 7 of its levels.

You collected 651 gold pieces.
You spent 75 gold pieces at shops.
You paid 41 gold pieces to Gozag.

Inventory:

Hand Weapons
 a - a +2 war axe (weapon)
 w - a +0 rapier of flaming
Missiles
 l - 13 poisoned javelins (quivered)
Armour
 c - a +0 shield (worn)
 k - a +1 plate armour (worn)
Jewellery
 b - a +3 ring of protection (left hand)
 e - a +5 amulet of reflection (around neck)
 t - an uncursed ring of wizardry
 B - a ring of ice (right hand)
Wands
 p - a wand of iceblast (7/15)
 v - a wand of flame (28/48)
 A - a wand of confusion (8/48)
Scrolls
 i - a scroll of magic mapping
 j - a scroll of blinking
 n - 2 scrolls of teleportation
 o - 3 scrolls of remove curse
 q - a scroll of amnesia
 s - a scroll of random uselessness
 y - a scroll of recharging
 z - a scroll of fear {unknown}
Potions
 h - 2 potions of magic
 x - a potion of cancellation
 C - a potion of curing
Books
 r - a book of Cantrips

   Spells                             Type                      Level
   a - Confusing Touch                Hexes                        1
   b - Animate Skeleton               Necromancy                   1
   c - Summon Small Mammal            Summoning                    1
   d - Apportation                    Translocation                1
Comestibles
 f - 2 bread rations
 g - 3 meat rations
 m - 10 fruits
 u - 2 royal jellies


   Skills:
 + Level 4.8 Fighting
 + Level 9.1 Axes
 + Level 1.0 Throwing
 + Level 6.3 Armour
 + Level 1.0 Dodging
 + Level 0.3 Stealth
 + Level 6.7 Shields


You had 8 spell levels left.
You didn't know any spells.

Dungeon Overview and Level Annotations

Branches:
Dungeon (8/15)
 Temple: D:4-7         Lair: D:8-11

Altars:
Dithmenos
Gozag
Kikubaaqudgha
Qazlal
Uskayaw
Yredelemnul
Zin
The Shining One

Shops:
D:5 ?


Innate Abilities, Weirdness & Mutations

You are resistant to damage.
You can heal yourself by infusing magical energy.
You passively map the area around you.
You do not regenerate.
You are resistant to hostile enchantments. (MR+)
You are resistant to electric shocks. (rElec)


Message History

The two-headed ogre is severely wounded.
The two-headed ogre hits you with a giant club!!
* * * LOW HITPOINT WARNING * * *
You block the two-headed ogre's attack.
You barely miss the two-headed ogre.
The two-headed ogre is severely wounded.
The two-headed ogre barely misses you.
The two-headed ogre hits you with a giant club.
You slash the two-headed ogre!
The two-headed ogre is severely wounded.
The two-headed ogre hits you with a giant club!
* * * LOW HITPOINT WARNING * * *
You block the two-headed ogre's attack.
You slash the two-headed ogre!
The two-headed ogre is almost dead.
The two-headed ogre hits you with a giant club!
* * * LOW HITPOINT WARNING * * *
The two-headed ogre hits you with a giant club!
You die...
Your body crumbles into a pile of gold.

, #.# ,
**** *,*
#.# , #.#
, *
,##.####.#
,*
........#
##.####.#
, #F# #O#
#@# * ** ,
#.# * , *
#.# #.# *
* #.# *
,,,, ..# ,
### * ,


You could see a two-headed ogre and a bullfrog.

Vanquished Creatures
  Grinder (D:3)
  Prince Ribbit (D:5)
  Sigmund (D:5)
  Eustachio (D:5)
  Duvessa (D:5)
  The ghost of Zedayar the Ruffian, an amateur TrBe of Trog (D:3)
  An ogre (D:4)
  A centaur (D:5)
  A big kobold (D:8)
  2 bullfrogs (D:6)
  2 scorpions
  Dowan (D:5)
  5 killer bees (D:8)
  A crimson imp (D:6)
  A quasit (D:6)
  A centaur zombie (D:3)
  An orc priest (D:8)
  4 orc wizards
  An iguana (D:4)
  2 worker ants
  A hound skeleton (D:8)
  4 adders
  4 worms
  2 dart slugs
  3 leopard geckos
  8 orcs
  6 bats
  6 giant cockroaches
  6 goblins
  4 hobgoblins
  25 jackals
  6 kobolds
  2 quokkas
  2 ball pythons
  2 frilled lizards
  A giant cockroach zombie (D:6)
  A jackal skeleton (D:4)
  A quokka skeleton (D:4)
  3 rats
  A withered plant (D:3)
118 creatures vanquished.

Notes
Turn   | Place    | Note
-------+----------+-------------------------------------------
     0 | D:1      | Gnungangingling the Deep Dwarf Fighter began the quest for the Orb.
     0 | D:1      | Reached XP level 1. HP: 20/20 MP: 1/1
    67 | D:1      | Reached XP level 2. HP: 25/27 MP: 2/2
   660 | D:2      | Reached XP level 3. HP: 31/33 MP: 3/3
   731 | D:2      | Reached skill level 3 in Axes
  1086 | D:2      | Gained mutation: You are resistant to hostile enchantments. (MR+) [potion of mutation]
  1086 | D:2      | Gained mutation: You are resistant to electric shocks. (rElec) [potion of mutation]
  1379 | D:3      | Noticed Zedayar's ghost (amateur TrBe)
  1399 | D:3      | Killed Zedayar's ghost
  1399 | D:3      | Reached skill level 4 in Axes
  1399 | D:3      | Reached XP level 4. HP: 36/42 MP: 4/4
  1399 | D:3      | Reached XP level 5. HP: 42/49 MP: 5/5
  1550 | D:3      | Found a stormy altar of Qazlal.
  1575 | D:3      | Noticed Grinder
  1592 | D:3      | Killed Grinder
  1592 | D:3      | Reached skill level 5 in Axes
  1592 | D:3      | Reached XP level 6. HP: 37/56 MP: 6/6
  1598 | D:3      | Found an ancient bone altar of Kikubaaqudgha.
  2539 | D:4      | Found an opulent altar of Gozag.
  2543 | D:4      | Found a basalt altar of Yredelemnul.
  2568 | D:4      | Became a worshipper of Gozag Ym Sagoz the Greedy
  2707 | D:4      | Reached skill level 1 in Dodging
  2707 | D:4      | Reached XP level 7. HP: 30/63 MP: 7/7
  2773 | D:4      | Reached skill level 5 in Armour
  2914 | D:4      | Found a glowing golden altar of the Shining One.
  2947 | D:4      | Reached skill level 6 in Axes
  3155 | D:5      | Entered Level 5 of the Dungeon
  3261 | D:5      | Noticed Sigmund
  3277 | D:5      | Killed Sigmund
  3277 | D:5      | Reached skill level 5 in Shields
  3374 | D:5      | Reached skill level 7 in Axes
  3490 | D:5      | Found Memit's Magic Scroll Shop.
  3498 | D:5      | Bought a scroll of enchant weapon for 75 gold pieces
  3571 | D:5      | Noticed Prince Ribbit
  3588 | D:5      | Killed Prince Ribbit
  3588 | D:5      | Reached XP level 8. HP: 51/72 MP: 8/8
  3638 | D:5      | Found a glowing silver altar of Zin.
  3684 | D:5      | Noticed Duvessa
  3684 | D:5      | Noticed Dowan
  3696 | D:5      | Killed Dowan
  3698 | D:5      | Killed Duvessa
  3921 | D:5      | Noticed Eustachio
  3946 | D:5      | Killed Eustachio
  3946 | D:5      | Reached skill level 8 in Axes
  3946 | D:5      | Reached skill level 1 in Throwing
  4028 | D:6      | Noticed a dagger
  4029 | D:6      | Found a hide-covered altar of Uskayaw.
  4029 | D:6      | Noticed a dagger
  4291 | D:6      | Found a shadowy altar of Dithmenos.
  4416 | D:6      | You fall through a shaft for 2 floors!
  4535 | D:8      | Reached skill level 9 in Axes
  4609 | D:8      | Gained mutation: You passively map the area around you. [Deep Dwarf growth]
  4609 | D:8      | Reached XP level 9. HP: 16/79 MP: 9/9
  4687 | D:8      | Noticed a two-headed ogre
  4715 | D:8      | HP: 2/80 [two-headed ogre/giant club (10)]
  4715 | D:8      | Mangled by a two-headed ogre

Skill      XL: |  1  2  3  4  5  6  7  8 |
---------------+-------------------------+-----
Fighting       | 3 4 |  4.8
Axes           | 4 5 7 9 |  9.1
Armour         | 4 5 6 |  6.3
Shields        | 4 5 6 |  6.7
Dodging        | 1 |  1.0
Throwing       | 1 |  1.0
Stealth        | |  0.3

Action                   |  1- 3 |  4- 6 |  7- 9 || total
-------------------------+-------+-------+-------++-------
Melee: War axe           |   115 |   104 |   281 ||   500
Throw: Javelin           |       |       |     6 ||     6
Invok: Potion Petition   |       |     1 |       ||     1
 Abil: Heal Wounds       |     2 |       |     4 ||     6
  Use: Potion            |     2 |     4 |     4 ||    10
       Scroll            |     2 |     6 |    10 ||    18
 Stab: Distracted        |       |       |     1 ||     1
  Eat: Fruit             |     1 |       |     1 ||     2
       Meat ration       |     1 |       |       ||     1
       Chunk             |     1 |       |       ||     1
       Bread ration      |       |       |     2 ||     2
Armor: Scale mail        |    29 |       |       ||    29
       Plate armour      |    53 |    54 |   190 ||   297
Dodge: Dodged            |    18 |     9 |    64 ||    91
Block: Shield            |    64 |    46 |   234 ||   344
       Reflection        |       |       |     1 ||     1
